 Dungeon Crawl Stone Soup version 0.21.1-1-g345015f (webtiles) character file.

659264 unrecovered the Meteorologist (level 27, -4/179 HPs)
             Began as a Tengu Summoner on Feb 18, 2018.
             Was the Champion of Vehumet.
             Slain by an infernal warmonger
             ... wielding a +5 demon trident of venom
              (6 damage)
             ... on level 12 of a ziggurat on Feb 19, 2018.
             The game lasted 09:15:12 (81823 turns).

unrecovered the Meteorologist (Tengu Summoner)     Turns: 81823, Time: 09:15:13

Health: -4/179     AC: 28    Str: 15      XL:     27
Magic:  22/59      EV: 36    Int: 30      God:    Vehumet [******]
Gold:   3350       SH:  6    Dex: 26 (27) Spells: 1/69 levels left

rFire    + + .     SeeInvis +   P - +8 demon trident (elec)
rCold    . . .     Gourm    .   a - +0 buckler of Gozag's Approval {*Drain rF+ Dex+6 SInv}
rNeg     . . .     Faith    .   I - +6 faerie dragon scales {rCorr Str+3 Clar}
rPois    +         Spirit   .   z - +3 hat of Pondering {ponderous, MR+ MP+10 Int+5}
rElec    .         Reflect  .   C - +2 cloak {rF+}
rCorr    +         Harm     .   v - +0 pair of fencer's gloves {+Riposte Dex+3}
MR       ++++.     Clarity  +   (boots unavailable)
Stlth    ++++......             R - amulet of magic regeneration
HPRegen  0.39/turn              j - ring "Guqas" {rPois MR+ Dex+3 Stlth+}
MPRegen  0.61/turn              L - +6 ring of protection

@: sap magic, flying quickly and evasively, very slightly contaminated, hasted,
studying Armour, drained, deflect missiles, very quick
A: beak, talons 3, deterioration 1, able to fly 2
}: 4/15 runes: decaying, slimy, silver, gossamer
a: Stop Flying, Renounce Religion


You were on level 12 of a ziggurat.
You worshipped Vehumet.
Vehumet was exalted by your worship.
You were not hungry.

You visited 10 branches of the dungeon, and saw 53 of its levels.
You visited 1 bazaar.
You visited 1 ziggurat, and saw 12 of its levels.
You also visited: Labyrinth, Trove, Ice Cave and Volcano.

You collected 8456 gold pieces.
You spent 5106 gold pieces at shops.

Inventory:

Hand Weapons
 G - a +9 vampiric trident
 P - a +8 demon trident of electrocution (weapon)
Armour
 a - the +0 buckler of Gozag's Approval (worn) {*Drain rF+ Dex+6 SInv}
   (You found it on level 5 of the Dungeon)

   It affects your dexterity (+6).
   It protects you from fire.
   It lets you see invisible.
   It causes draining when unequipped.
 v - the +0 pair of fencer's gloves (worn) {+Riposte Dex+3}
   (You found it on level 5 of a ziggurat)

   It affects your dexterity (+3).
 z - the +3 hat of Pondering (worn) {ponderous, MR+ MP+10 Int+5}
   (You took it off Gastronok on level 3 of the Lair of Beasts)

   It affects your intelligence (+5).
   It affects your resistance to hostile enchantments.
   It affects your magic capacity (+10).
 C - a +2 cloak of fire resistance (worn)
 I - the +6 faerie dragon scales (worn) {rCorr Str+3 Clar}
   (You took it off the Enchantress on level 2 of the Depths)

   It affects your strength (+3).
   It protects you against confusion.
   It protects you from acid and corrosion.
 K - a +2 pair of gloves of dexterity
Magical Staves
 F - an uncursed staff of air
 T - an uncursed staff of cold
Jewellery
 j - the ring "Guqas" (left hand) {rPois MR+ Dex+3 Stlth+}
   (You took it off a deep elf annihilator on level 3 of the Elven Halls)

   [ring of stealth]

   It affects your dexterity (+3).
   It protects you from poison.
   It affects your resistance to hostile enchantments.
   It makes you more stealthy.
 L - a +6 ring of protection (right hand)
 R - an amulet of magic regeneration (around neck)
Wands
 e - a wand of scattershot (9)
 q - a wand of acid (35)
Scrolls
 g - 32 scrolls of remove curse
 h - 2 scrolls of enchant armour
 i - 6 scrolls of magic mapping
 l - 20 scrolls of teleportation
 m - a scroll of amnesia
 t - 5 scrolls of fear
 u - a scroll of blinking
 y - 9 scrolls of identify
 A - a scroll of holy word
 M - a scroll of summoning
 Y - 8 scrolls of fog
Potions
 b - 10 potions of haste
 d - 2 potions of invisibility
 f - 6 potions of might
 n - 10 potions of curing
 o - 5 potions of brilliance
 p - 2 potions of magic
 w - 3 potions of berserk rage
 B - 4 potions of resistance
 E - 3 potions of experience
 H - 4 potions of agility
 O - 8 potions of ambrosia
 S - 15 potions of mutation
Books
 r - a book of Summonings

   Spells                             Type                      Level
   a - Recall                         Summoning/Translocation      3
   b - Aura of Abjuration             Summoning                    5
   c - Summon Demon                   Summoning                    5
   d - Summon Forest                  Summoning/Translocation      5
   e - Summon Mana Viper              Hexes/Summoning              5
   f - Shadow Creatures               Summoning                    6
 s - a book of the Warp

   Spells                             Type                      Level
   a - Gell's Gravitas                Translocation                3
   b - Portal Projectile              Hexes/Translocation          3
   c - Force Lance                    Conjuration/Translocation    4
   d - Dispersal                      Translocation                6
   e - Controlled Blink               Translocation                8
   f - Disjunction                    Translocation                8
 J - a manual of
Armour
 W - a book of Transfigurations

   Spells                             Type                      Level
   a - Irradiate                      Conjuration/Transmutation    5
   b - Statue Form                    Transmutation/Earth          6
   c - Hydra Form                     Transmutation                6
   d - Dragon Form                    Transmutation                7
Miscellaneous
 D - 5 sacks of spiders
 N - a lamp of fire
 V - 4 phantom mirrors
 X - 2 boxes of beasts
Comestibles
 c - 29 rations


   Skills:
 - Level 20.0(19.7) Fighting
 - Level 20.0(19.7) Polearms
 - Level 10.0(9.7) Armour
 - Level 18.7(18.4) Dodging
 - Level 3.2(3.0) Stealth
 - Level 4.0(3.8) Shields
 + Level 21.8(21.5) Spellcasting
 - Level 16.0(15.7) Conjurations
 - Level 5.0(4.8) Charms
 - Level 10.0(9.7) Summonings
 - Level 10.0(9.7) Ice Magic
 O Level 27(26.6) Air Magic
 + Level 7.2(6.9) Earth Magic


You had one spell level left.
You knew the following spells:

 Your Spells              Type           Power        Failure   Level  Hunger
a - Lehudib's Crystal Sp  Conj/Erth      #######...   22%         8    #####..
b - Call Imp              Summ           ######..     1%          2    None
c - Call Canine Familiar  Summ           ######..     1%          3    None
d - Summon Lightning Spi  Summ/Air       #######.     0%          4    None
e - Mephitic Cloud        Conj/Pois/Air  #######.     0%          3    None
f - Magic Dart            Conj           ####         0%          1    None
g - Blink                 Tloc           N/A          2%          2    None
h - Summon Ice Beast      Ice/Summ       ######..     1%          4    None
i - Shadow Creatures      Summ           N/A          3%          6    None
j - Orb of Destruction    Conj           #######...   1%          7    ##.....
k - Freezing Cloud        Conj/Ice/Air   #######...   1%          6    None
l - Bolt of Cold          Conj/Ice       #######...   1%          6    None
m - Apportation           Tloc           ####..       1%          1    None
n - Tornado               Air            ########..   1%          9    ######.
o - Deflect Missiles      Chrm/Air       #######...   1%          6    None


Dungeon Overview and Level Annotations

Branches:
Dungeon (15/15)            Temple (0/1) D:7            Lair (6/6) D:8
  Swamp (4/4) Lair:3       Spider (4/4) Lair:3        Slime (5/5) Lair:6
    Orc (2/2) D:12            Elf (3/3) Orc:2        Vaults (5/5) D:13
  Crypt (0/3) Vaults:2     Depths (5/5) D:15            Zot (4/5) Depths:5

Altars:
Cheibriados
Fedhas
Gozag
Hepliaklqana
Nemelex Xobeh
Trog
Vehumet
Beogh
Jiyva

Shops:
D:7 *   D:10 *   D:13 !   Orc:1 %   Orc:2 [(::   Elf:1 =}}   Vaults:3 :

Portals:
Hell: Depths:1 Depths:2 Depths:3 Depths:4 Depths:5
Abyss: Depths:2 Depths:3 Depths:4 Depths:5
Pandemonium: Depths:1 Depths:3


Innate Abilities, Weirdness & Mutations

You have a beak for a mouth.
You have claws for feet.
You can fly continuously.
Your body sometimes deteriorates upon taking damage.


Message History

Your smoke demon hits the balrug.
Your smoke demon closely misses the balrug.
Your hellwing closely misses the balrug.
Your hellwing hits the balrug.
A monstrous corrupter comes into view.
Roghimoj gestures at you. You deflect the iron shot!
Your torturous black sun is engulfed in freezing vapours.
You block the infernal warmonger's attack.
The hell beast is engulfed in freezing vapours.
Roghimoj blinks!
Your infernal demonspawn is engulfed in freezing vapours.
A hellwing and a torturous demonspawn come into view.
The monstrous corrupter shouts!
Roghimoj gestures at you. The iron shot misses you.
The infernal warmonger hits you from afar with a demon trident of venom!
* * * LOW HITPOINT WARNING * * *
You are engulfed in flames.
You resist.
You die...

▓▓▓.▓▓▓▓▓
........▓▓▓
..........▓▓
...........▓▓
............▓▓
.............▓▓
..............▓
..6....@......▓
..♣.66........▓
♣♣♣♣.2......▓▓
♣.....&∩..▓
♣♣♣.§§§§§§.▓▓
♣♣...6.§.§§.▓
......§...§.▓
.....26.....▓
.4.4466§...▓▓


You could see Roghimoj, 2 demonspawn, a hell beast, a balrug, a monstrous
corrupter, a torturous demonspawn and a friendly infernal demonspawn.

Vanquished Creatures
  the Royal Jelly (Slime:5)
  An ancient lich (Vaults:5)
  2 orbs of fire
  Mara (Swamp:3)
  2 juggernauts (Depths:2)
  Boris (Vaults:5)
  Sojobo (Vaults:5)
  A greater mummy (Zig:11)
  Saint Roka (Vaults:5)
  A caustic shrike (Depths:2)
  Bai Suzhen (Depths:1)
  The ghost of Salasann the Sharpshooter, a veteran HuFi of Nemelex Xobeh (Vaults:5)
  14 golden dragons
  3 curse toes
  the Enchantress (Depths:2)
  A pearl dragon (Zig:7)
  A bone dragon (Zig:4)
  An iron giant (shapeshifter) (Depths:5)
  An electric golem (Zot:1)
  Jorgrun (Swamp:3)
  A Hell Sentinel (Zig:12)
  19 tentacled monstrosities
  5 deep elf blademasters
  18 acid blobs
  5 titans (Vaults:5)
  4 liches
  5 deep elf master archers (Elf:3)
  5 quicksilver dragons
  The ghost of Gryphonrising the Impaler, an adept GrFi of the Shining One (Elf:3)
  Frances (Spider:1)
  11 death cobs
  2 sphinxes (Depths:2)
  A sphinx (shapeshifter) (Depths:4)
  14 storm dragons
  11 tengu reavers
  Donald (Swamp:1)
  15 azure jellies
  7 shadow dragons
  9 draconian monks
  2 nagarajas (Zig:8)
  16 fire giants
  Roxanne (Spider:4)
  Aizul (Vaults:2)
  2 draconian knights
  7 frost giants
  6 deep elf sorcerers
  2 emperor scorpions
  2 iron dragons
  3 draconian stormcallers
  Louise (Swamp:3)
  7 vault wardens
  An orc warlord (Zig:3)
  A deep elf elementalist (Elf:2)
  An iron dragon (shapeshifter) (Depths:4)
  2 angels (Zig:7)
  7 ghost moths
  4 draconian scorchers
  9 draconian shifters
  15 ironheart preservers
  5 draconian annihilators
  4 spriggan defenders
  2 balrugs (Zot:2)
  2 entropy weavers (shapeshifter) (Depths:4)
  5 war gargoyles
  18 stone giants
  A juggernaut skeleton (Depths:2)
  28 very ugly things
  A stone giant (shapeshifter) (Depths:4)
  2 vampire knights
  15 green draconians
  2 bennus (Zig:11)
  4 entropy weavers
  2 apis (Zig:7)
  2 deep elf demonologists
  6 yellow draconians
  11 purple draconians
  12 deep elf annihilators
  6 spark wasps
  9 white draconians
  7 black draconians
  10 red draconians
  9 crystal guardians
  2 merfolk javelineers (Depths:2)
  8 death oozes
  A blizzard demon (Depths:4)
  A minotaur (Lab)
  5 deep elf death magi
  10 fire dragons
  2 merfolk impalers (Depths:2)
  6 ettins
  18 yaktaur captains
  33 vault guards
  15 ogre magi
  14 great orbs of eyes
  4 deep elf high priests (Vaults:5)
  3 rakshasas
  Fannar (Orc:1)
  12 ice dragons
  An anaconda (Zig:8)
  4 ghost crabs (Swamp:3)
  4 hydras
  46 two-headed ogres
  6 spriggan air magi
  7 centaur warriors
  2 death knights
  7 deep troll shamans
  7 alligators
  A death yak (Lair:6)
  40 dancing weapons
  3 vampire magi
  7 tengu warriors
  12 deep troll earth magi
  A naga sharpshooter (Zig:8)
  7 spriggan berserkers
  3 orc high priests
  19 deep elf knights
  2 iron golems
  2 shadow wraiths (Vaults:4)
  A death drake (Depths:5)
  2 flayed ghosts
  4 skeletal warriors
  6 hell knights (Depths:5)
  A glowing orange brain (shapeshifter) (Depths:2)
  28 deep trolls
  2 unseen horrors
  3 wizards
  4 cherubim (Zig:7)
  2 starcursed masses (Zig:4)
  A sea snake (shapeshifter) (Depths:4)
  2 shambling mangroves
  3 swamp dragons
  6 glowing orange brains
  6 lindwurms (Depths:5)
  A harpy (shapeshifter) (Vaults:1)
  2 orange crystal statues
  21 deep elf archers
  12 orc knights
  4 obsidian statues
  10 ironbrand convokers
  A naga ritualist (Zig:8)
  5 phantasmal warriors (Vaults:5)
  A lindwurm (shapeshifter) (Depths:4)
  2 necromancers
  A wolf spider (shapeshifter) (Depths:4)
  12 orb spiders
  A cyclops (shapeshifter) (Depths:4)
  2 manticores (D:12)
  A frost giant zombie (Depths:2)
  62 deep elf magi
  4 cyclopes
  10 oklob plants (Zig:11)
  20 wolf spiders
  A manticore (shapeshifter) (Depths:4)
  10 orc sorcerers
  53 ugly things
  A worldbinder (Zig:4)
  2 shining eyes
  4 centaur zombies
  2 salamanders
  A salamander (shapeshifter) (Elf:2)
  A stone giant skeleton (Zig:5)
  17 vault sentinels
  A guardian serpent (Zig:8)
  An elephant (Lair:6)
  23 moths of wrath
  2 guardian serpents (shapeshifter)
  A black mamba (shapeshifter) (Depths:1)
  A water nymph (shapeshifter) (Depths:4)
  An iron dragon skeleton (Zig:11)
  6 gargoyles (Depths:4)
  2 smoke demons
  2 spriggan zombies
  13 black mambas
  2 molten gargoyles (Depths:4)
  3 eyes of devastation
  13 spiny frogs
  A naga mage (Zig:8)
  A torpor snail (Spider:4)
  A komodo dragon (shapeshifter) (Vaults:3)
  A spiny frog (shapeshifter) (Depths:2)
  7 freezing wraiths
  2 rime drakes
  38 yaktaurs
  16 demonic crawlers
  A tormentor (Zig:5)
  The ghost of unrecovered the Nimble, a novice TeGl of Ashenzari (D:4)
  A komodo dragon (D:15)
  A guardian mummy (Zig:11)
  2 tengu conjurers
  5 trolls
  19 jumping spiders
  A jumping spider (shapeshifter) (Depths:4)
  4 tyrant leeches
  A merfolk (shapeshifter) (Vaults:3)
  A polar bear (shapeshifter) (Vaults:4)
  A meliai (shapeshifter) (Depths:2)
  2 trolls (shapeshifter)
  4 wind drakes
  25 hornets
  8 blink frogs
  105 slime creatures
  A hornet (shapeshifter) (Depths:1)
  A dream sheep (Lair:6)
  2 harpy skeletons (Volcano)
  5 bog bodies
  A hippogriff (shapeshifter) (Vaults:4)
  2 human simulacra
  A stone giant simulacrum (Vaults:1)
  4 flying skulls
  4 hippogriffs
  3 ushabtiu (Zig:11)
  8 wraiths
  16 water elementals
  4 shadows
  21 tarantellas
  15 spriggans
  10 air elementals
  10 fire elementals
  A small abomination (Zig:4)
  A vampire (D:13)
  38 redbacks
  A hog (Lair:3)
  Eustachio (D:5)
  3 wyverns
  11 yaks
  A basilisk (Zig:2)
  2 fire bats (shapeshifter) (Depths:5)
  14 golden eyes
  16 swamp worms
  A steam dragon (shapeshifter) (Vaults:3)
  3 swamp worm simulacra (Swamp:4)
  6 vampire mosquitoes
  9 insubstantial wisps
  A naga (Zig:8)
  4 wargs
  15 hydra simulacra (Swamp:4)
  An acid dragon (Vaults:1)
  2 hell hounds (Depths:5)
  A soldier ant (D:14)
  3 porcupines (Lair:2)
  A floating eye (Zig:6)
  4 water moccasins
  22 orc warriors
  6 ice beasts
  6 swamp drakes
  A black bear (D:8)
  A phantom (D:14)
  5 sky beasts
  An eye of draining (shapeshifter) (D:14)
  An eye of draining (Slime:5)
  30 ogres
  A wolf (shapeshifter) (Vaults:3)
  10 boggarts
  3 wolves
  A centaur (D:6)
  A centaur (shapeshifter) (Vaults:3)
  6 crocodiles
  A big kobold (shapeshifter) (Depths:3)
  11 earth elementals
  8 bullfrogs
  2 scorpions (D:12)
  A wight (D:12)
  A spriggan skeleton (Volcano)
  5 howler monkeys
  9 electric eels
  9 crimson imps
  A bullfrog zombie (D:6)
  4 hounds
  2 jellies
  A quasit (D:13)
  14 orc priests
  An iron imp (D:5)
  26 orc wizards
  4 centaur skeletons
  An iguana (D:11)
  A lightning spire (Zig:10)
  A hell rat (Lair:5)
  7 worker ants
  A hound zombie (D:11)
  A hound skeleton (D:5)
  12 mummies (Zig:11)
  A worker ant zombie (D:7)
  A howler monkey skeleton (D:4)
  5 adders
  2 gnolls
  2 shadow imps
  A white imp (Depths:1)
  An ooze (D:3)
  5 swamp drake simulacra (Swamp:4)
  A worm (D:2)
  3 ball lightnings (Depths:4)
  3 leopard geckos
  64 orcs
  2 giant cockroaches (D:1)
  2 goblins (D:2)
  2 hobgoblins
  7 jackals
  A quokka (D:4)
  A ball python skeleton (D:4)
  2 bats
  3 frilled lizards
  A jackal zombie (D:5)
  A kobold (D:1)
  3 rats
  2 crawling corpses (Vaults:5)
  5 plants
1984 creatures vanquished.

Vanquished Creatures (collateral kills)
  Jory (Vaults:4)
  A golden dragon (Depths:2)
  A Tzitzimitl (Zig:12)
  A quicksilver dragon (Depths:2)
  2 acid blobs (Slime:5)
  Kirke (Lair:3)
  Gastronok (Lair:3)
  A storm dragon (Zot:3)
  2 deep elf sorcerers
  An iron dragon (Depths:2)
  A vault warden (Vaults:4)
  4 very ugly things
  2 stone giants
  A war gargoyle (Depths:4)
  A deep elf annihilator (Elf:1)
  A dire elephant (Lair:6)
  Snorg (Lair:3)
  A crystal guardian (Depths:4)
  3 hydras
  6 vault guards
  A centaur warrior (Vaults:2)
  An ice dragon (IceCv)
  2 catoblepae (Lair:6)
  A two-headed ogre (Vaults:2)
  2 death yaks (Lair:6)
  A deep troll earth mage (Depths:1)
  3 deep elf knights
  13 skeletal warriors
  An ironbrand convoker (Vaults:4)
  3 orb spiders
  2 lindwurms (Lair:6)
  2 deep elf magi
  An orc knight (Orc:2)
  5 manticores
  13 wolf spiders
  6 ugly things
  An orc sorcerer (Orc:1)
  3 cyclopes
  6 elephants (Lair:6)
  A centaur zombie (D:11)
  2 ice statues (IceCv)
  2 orange demons (D:12)
  2 black mambas (Lair:6)
  6 spiny frogs
  4 gargoyles
  A centaur skeleton (D:15)
  2 torpor snails
  2 kobold demonologists (D:14)
  5 rime drakes
  3 komodo dragons
  4 demonic crawlers
  2 freezing wraiths
  A yaktaur (D:15)
  4 trolls
  2 polar bears
  A minotaur zombie (Lab)
  19 jumping spiders
  A meliai (shapeshifter) (Vaults:1)
  A queen bee (shapeshifter) (D:14)
  The ghost of lordive the Chopper, an amateur HOGl of Okawaru (D:3)
  15 blink frogs
  A wind drake (shapeshifter) (Depths:1)
  A hornet (Spider:3)
  A bog body (Swamp:3)
  8 dream sheep (Lair:6)
  A meliai zombie (D:8)
  4 hippogriffs
  27 redbacks
  A flying skull (Volcano)
  11 tarantellas
  3 water elementals
  A shadow (D:10)
  An alligator skeleton (Volcano)
  3 wraiths
  A wyvern (D:10)
  33 yaks
  3 basilisks
  A steam dragon (D:7)
  4 vampire mosquitoes
  A warg (Orc:1)
  Menkaure (D:7)
  A hungry ghost (D:9)
  Edmund (D:6)
  10 water moccasins
  An acid dragon (D:11)
  4 soldier ants
  A porcupine (Lair:3)
  Duvessa (D:5)
  8 orc warriors
  A phantom (D:8)
  17 ice beasts
  A necrophage (D:9)
  2 black bears
  An eye of draining (D:8)
  9 ogres
  An ogre (shapeshifter) (Depths:2)
  11 wolves
  7 crocodiles
  6 centaurs
  A big kobold (D:5)
  7 bullfrogs
  An earth elemental (Depths:4)
  3 scorpions
  Dowan (D:5)
  10 wights
  3 howler monkeys
  5 crimson imps
  2 bullfrog skeletons
  5 jellies
  13 orc priests
  7 hounds
  15 orc wizards
  Crazy Yiuf (D:6)
  An iguana (D:4)
  Natasha (thrice) (D:3)
  4 worker ants
  3 hell rats (Lair:5)
  A killer bee zombie (D:6)
  A naga skeleton (Volcano)
  2 hound zombies
  2 gnolls (D:7)
  A howler monkey skeleton (D:4)
  A worker ant zombie (D:7)
  9 adders
  3 shadow imps
  An ooze (D:1)
  3 worms
  5 dart slugs
  3 leopard geckos
  40 orcs
  3 ball pythons
  4 giant cockroaches
  3 goblins
  5 hobgoblins
  A jackal (D:11)
  9 kobolds
  4 bats
  A frilled lizard (D:3)
  3 rats (D:1)
  4 fungi
565 creatures vanquished.

Vanquished Creatures (others)
  A storm dragon (Depths:4)
  A fire giant (Zot:2)
  A draconian stormcaller (Zot:3)
  A deep elf elementalist (Elf:3)
  A very ugly thing (Depths:4)
  2 red draconians
  A deep elf mage (Elf:1)
  29 ball lightnings
  A gargoyle (Depths:4)
  A yaktaur (Vaults:1)
  3 slime creatures (Swamp:4)
  A flying skull (Volcano)
  A water elemental (Depths:4)
  2 humans (Spider:1)
  An orc warrior (Vaults:5)
  An earth elemental (Depths:4)
  A worm (shapeshifter) (Vaults:5)
  A fire vortex (Lair:4)
  29 fungi
  82 plants
161 creatures vanquished.

Grand Total: 2710 creatures vanquished

Notes
Turn   | Place    | Note
-------+----------+-------------------------------------------
     0 | D:1      | unrecovered the Tengu Summoner began the quest for the Orb.
     0 | D:1      | Reached XP level 1. HP: 10/10 MP: 4/4
   425 | D:1      | Reached skill level 5 in Summonings
   425 | D:1      | Reached XP level 2. HP: 14/15 MP: 3/6
   526 | D:1      | Learned a level 2 spell: Call Imp
   950 | D:1      | Reached XP level 3. HP: 19/19 MP: 7/7
  1318 | D:2      | Reached XP level 4. HP: 20/24 MP: 5/8
  1963 | D:2      | Learned a level 3 spell: Call Canine Familiar
  1989 | D:3      | Noticed lordive's ghost (amateur HOGl)
  2365 | D:3      | Noticed Natasha
  2386 | D:3      | Killed Natasha
  2409 | D:3      | Noticed Natasha
  2416 | D:3      | Killed Natasha
  2416 | D:3      | Gained mutation: You can fly. [Tengu growth]
  2416 | D:3      | Reached XP level 5. HP: 23/28 MP: 1/10
  2478 | D:3      | Noticed Natasha
  2490 | D:3      | Killed Natasha
  2776 | D:3      | Learned a level 4 spell: Summon Lightning Spire
  2789 | D:3      | Found a blossoming altar of Fedhas.
  3449 | D:4      | Reached skill level 1 in Air Magic
  3450 | D:4      | Noticed an ogre
  3457 | D:4      | Killed an ogre
  3457 | D:4      | Reached XP level 6. HP: 32/32 MP: 2/11
  3460 | D:4      | Noticed unrecovered's ghost (novice TeGl)
  3608 | D:4      | Killed unrecovered's ghost
  3608 | D:4      | Reached skill level 2 in Air Magic
  3896 | D:3      | Reached XP level 7. HP: 24/36 MP: 2/13
  4073 | D:3      | Killed lordive's ghost
  4073 | D:3      | Reached skill level 3 in Air Magic
  4785 | D:4      | Found a sparkling altar of Nemelex Xobeh.
  4796 | D:4      | Reached skill level 4 in Air Magic
  4888 | D:4      | Reached skill level 5 in Dodging
  5281 | D:5      | Entered Level 5 of the Dungeon
  5364 | D:5      | Reached XP level 8. HP: 34/41 MP: 3/15
  5449 | D:5      | Learned a level 3 spell: Mephitic Cloud
  5451 | D:5      | Learned a level 1 spell: Magic Dart
  5658 | D:5      | Noticed Duvessa
  5668 | D:5      | Noticed Dowan
  5670 | D:5      | Killed Duvessa
  5693 | D:5      | Killed Dowan
  5980 | D:5      | Found a snail-covered altar of Cheibriados.
  5989 | D:5      | Reached skill level 5 in Air Magic
  6044 | D:5      | Noticed Eustachio
  6052 | D:5      | Killed Eustachio
  6052 | D:5      | Reached skill level 1 in Conjurations
  6070 | D:5      | Got a jewelled buckler
  6076 | D:5      | Identified the +0 buckler of Gozag's Approval {*Drain rF+ Dex+6 SInv} (You found it on level 5 of the Dungeon)
  6589 | D:5      | Reached skill level 1 in Shields
  6651 | D:6      | Noticed Edmund
  6661 | D:6      | Killed Edmund
  6852 | D:6      | Reached skill level 5 in Spellcasting
  6860 | D:6      | Reached XP level 9. HP: 45/45 MP: 15/17
  7651 | D:6      | Found an opulent altar of Gozag.
  7885 | D:6      | Found a runed door.
  8251 | D:6      | Noticed Crazy Yiuf
  8255 | D:6      | Killed Crazy Yiuf
  8255 | D:6      | Reached XP level 10. HP: 50/50 MP: 15/18
  8788 | D:7      | Found a bloodstained altar of Trog.
  8812 | D:7      | Found a radiant altar of Vehumet.
  8820 | D:7      | Became a worshipper of Vehumet
  9291 | D:7      | Found Waewir's Elemental Accessories.
  9293 | D:7      | Noticed Menkaure
  9301 | D:7      | Killed Menkaure
  9448 | D:7      | Found a staircase to the Ecumenical Temple.
  9647 | D:8      | Found a staircase to the Lair.
  9877 | D:8      | Reached * piety under Vehumet
  9877 | D:8      | Offered knowledge of Freeze by Vehumet.
  9881 | D:8      | Learned a level 2 spell: Blink
 11275 | D:9      | Found a hazy altar of Hepliaklqana.
 11364 | D:9      | Noticed a two-headed ogre
 11378 | D:9      | Killed a two-headed ogre
 11602 | D:10     | Entered Level 10 of the Dungeon
 11716 | D:10     | Learned a level 4 spell: Summon Ice Beast
 12060 | D:10     | Found Lotreime's Assorted Antiques.
 12069 | D:10     | Bought a scroll of identify for 34 gold pieces
 12069 | D:10     | Bought a potion of haste for 170 gold pieces
 12069 | D:10     | Bought a potion of haste for 170 gold pieces
 12701 | D:11     | Reached XP level 11. HP: 54/54 MP: 22/22
 12756 | D:11     | Noticed a skeletal warrior
 12759 | D:11     | Noticed a skeletal warrior
 12764 | D:11     | Offered knowledge of Sandblast by Vehumet.
 12893 | Lair:1   | Entered Level 1 of the Lair of Beasts
 12909 | Lair:1   | Reached ** piety under Vehumet
 12949 | Lair:1   | Found a frozen archway.
 13115 | IceCv    | Entered an ice cave
 14719 | IceCv    | Noticed an ice dragon
 14721 | IceCv    | Noticed an ice dragon
 14912 | IceCv    | Killed an ice dragon
 15934 | Lair:1   | Offered knowledge of Throw Flame by Vehumet.
 15974 | Lair:1   | Noticed an eight-headed hydra
 15985 | Lair:1   | Killed an eight-headed hydra
 16637 | Lair:2   | Reached skill level 10 in Summonings
 17001 | Lair:2   | Reached skill level 1 in Fighting
 17114 | Lair:2   | Reached *** piety under Vehumet
 17259 | Lair:2   | Offered knowledge of Static Discharge by Vehumet.
 17909 | Lair:3   | Reached XP level 12. HP: 62/62 MP: 19/26
 18207 | Lair:3   | Found a hole to the Spider Nest.
 18407 | Lair:3   | Found a staircase to the Swamp.
 18464 | Lair:3   | Noticed Gastronok
 18473 | Lair:3   | Killed Gastronok
 18857 | Lair:3   | Noticed Snorg
 18864 | Lair:3   | Killed Snorg
 19090 | Lair:3   | Reached skill level 10 in Spellcasting
 19453 | Lair:4   | Found a dark tunnel.
 19462 | Volcano  | Entered a volcano
 20206 | Volcano  | Found the +0 Maxwell's etheric cage {RegenMP+ *Contam rElec MP+4}
 20273 | Lair:4   | Reached **** piety under Vehumet
 20423 | Lair:4   | Learned a level 6 spell: Shadow Creatures
 20680 | Lair:4   | Offered knowledge of Fulminant Prism by Vehumet.
 21274 | Lair:5   | Noticed a six-headed hydra
 21289 | Lair:5   | Killed a six-headed hydra
 21289 | Lair:5   | Reached skill level 5 in Fighting
 21309 | Lair:5   | Reached skill level 10 in Dodging
 21416 | Lair:5   | Noticed a four-headed hydra
 21421 | Lair:5   | Killed a four-headed hydra
 21967 | Lair:5   | Reached XP level 13. HP: 71/72 MP: 29/29
 22113 | Lair:6   | Entered Level 6 of the Lair of Beasts
 22794 | Lair:6   | Found a staircase to the Slime Pits.
 22794 | Lair:6   | Found a viscous altar of Jiyva.
 22906 | Lair:6   | Reached ***** piety under Vehumet
 22908 | Lair:6   | Offered knowledge of Airstrike by Vehumet.
 23761 | Lair:6   | Noticed a dire elephant
 23970 | Lair:6   | Killed a dire elephant
 25171 | D:12     | Found a staircase to the Orcish Mines.
 25184 | D:12     | Offered knowledge of Orb of Destruction by Vehumet.
 25235 | D:12     | Found a roughly hewn altar of Beogh.
 25350 | D:12     | Learned a level 7 spell: Orb of Destruction
 25449 | D:12     | Gained mutation: You can fly continuously. [Tengu growth]
 25449 | D:12     | Reached XP level 14. HP: 82/82 MP: 31/31
 26203 | Orc:1    | Entered Level 1 of the Orcish Mines
 26498 | Orc:2    | Entered Level 2 of the Orcish Mines
 26509 | Orc:2    | Found a runed door.
 26589 | Orc:1    | Found Huhab's Food Shop.
 26589 | Orc:1    | Noticed Fannar
 26609 | Orc:1    | Killed Fannar
 26825 | Orc:1    | Found a transporter.
 26832 | Orc:1    | Noticed a stone giant
 27120 | Orc:2    | Found a staircase to the Elven Halls.
 27123 | Orc:2    | Found Babethus's Food Emporium.
 27134 | Orc:2    | Bought a ration for 65 gold pieces
 27134 | Orc:2    | Bought a ration for 65 gold pieces
 27134 | Orc:2    | Bought a ration for 65 gold pieces
 27134 | Orc:2    | Bought a ration for 65 gold pieces
 27134 | Orc:2    | Bought a ration for 65 gold pieces
 27134 | Orc:2    | Bought a ration for 65 gold pieces
 27134 | Orc:2    | Bought a ration for 65 gold pieces
 27134 | Orc:2    | Bought a ration for 65 gold pieces
 27848 | Orc:2    | Found Gatac's Weapon Boutique.
 27848 | Orc:2    | Found Eschemem's Book Shop.
 27848 | Orc:2    | Found Amumom's Book Shop.
 27853 | Orc:2    | Found Ajakucle's Antique Armour Boutique.
 27866 | Orc:2    | Bought a manual of Dodging for 1324 gold pieces
 28619 | Orc:2    | Found a roughly hewn altar of Beogh.
 28739 | D:12     | Offered knowledge of Conjure Ball Lightning by Vehumet.
 28747 | D:12     | Learned a level 6 spell: Conjure Ball Lightning
 29785 | D:13     | Reached skill level 15 in Dodging
 30172 | D:13     | Found a gate to the Vaults.
 30556 | D:13     | Found Zunifuba's Distillery.
 30559 | D:13     | Bought a potion of curing for 42 gold pieces
 30559 | D:13     | Bought 2 potions of haste for 280 gold pieces
 30559 | D:13     | Bought a potion of curing for 42 gold pieces
 30559 | D:13     | Bought a potion of invisibility for 112 gold pieces
 30639 | D:14     | Found a labyrinth entrance.
 31027 | Lab      | Entered a labyrinth
 31425 | D:14     | Reached XP level 15. HP: 85/88 MP: 26/33
 32172 | D:15     | Entered Level 15 of the Dungeon
 32817 | D:15     | Found a staircase to the Depths.
 33181 | Spider:1 | Entered Level 1 of the Spider Nest
 33195 | Lair:3   | Offered knowledge of Freezing Cloud by Vehumet.
 33215 | Spider:1 | Noticed Kirke
 33532 | Lair:3   | Killed Kirke
 33882 | Spider:1 | Reached skill level 1 in Polearms
 35188 | Spider:1 | Noticed Frances
 35408 | Spider:1 | Killed Frances
 37116 | Spider:2 | Learned a level 6 spell: Freezing Cloud
 37284 | Spider:3 | Offered knowledge of Bolt of Fire by Vehumet.
 37377 | Spider:3 | Reached skill level 5 in Polearms
 37626 | Spider:3 | Reached XP level 16. HP: 96/96 MP: 34/34
 38274 | Spider:4 | Entered Level 4 of the Spider Nest
 38904 | Spider:4 | Reached skill level 10 in Fighting
 38904 | Spider:4 | Reached skill level 1 in Ice Magic
 39228 | Spider:4 | Noticed Roxanne
 41102 | Spider:4 | Killed Roxanne
 41286 | Spider:4 | Reached ****** piety under Vehumet
 41363 | Spider:4 | Got a gossamer rune of Zot
 41701 | Elf:1    | Entered Level 1 of the Elven Halls
 41784 | Elf:1    | Offered knowledge of Poison Arrow by Vehumet.
 42153 | Elf:1    | Reached XP level 17. HP: 99/104 MP: 36/36
 42350 | Elf:1    | Reached skill level 5 in Ice Magic
 42980 | Elf:1    | Reached skill level 15 in Spellcasting
 43861 | Elf:1    | Found Affev's Jewellery Shoppe.
 43861 | Elf:1    | Found Meimn's Gadget Shop.
 43862 | Elf:1    | Found Eghyos's Gadget Shop.
 43873 | Elf:1    | Bought the ring "Fepy" {EV+3 Int+2} for 515 gold pieces
 44339 | Elf:2    | Reached skill level 10 in Polearms
 44496 | Elf:2    | Offered knowledge of Bolt of Cold by Vehumet.
 44748 | Elf:2    | Reached skill level 15 in Conjurations
 44758 | Elf:2    | Learned a level 6 spell: Bolt of Cold
 45132 | Elf:2    | Found a huge runed gate.
 45132 | Elf:2    | Found a huge runed gate.
 45132 | Elf:2    | Found a huge runed gate.
 45132 | Elf:2    | Found a huge runed gate.
 45133 | Elf:2    | Found a huge runed gate.
 45952 | Elf:2    | Noticed a deep elf blademaster
 45956 | Elf:2    | Killed a deep elf blademaster
 46242 | Elf:2    | Reached XP level 18. HP: 113/113 MP: 36/38
 46419 | Elf:3    | Entered Level 3 of the Elven Halls
 47055 | Elf:3    | Noticed Gryphonrising's ghost (adept GrFi)
 47062 | Elf:3    | Killed Gryphonrising's ghost
 47190 | Elf:3    | Noticed a deep elf master archer
 47194 | Elf:3    | Noticed a deep elf blademaster
 47197 | Elf:3    | Killed a deep elf master archer
 47209 | Elf:3    | Killed a deep elf blademaster
 47613 | Elf:3    | Noticed a deep elf blademaster
 47614 | Elf:3    | Noticed a deep elf master archer
 47615 | Elf:3    | Noticed a deep elf master archer
 47616 | Elf:3    | Killed a deep elf blademaster
 47620 | Elf:3    | Noticed a deep elf blademaster
 47621 | Elf:3    | Killed a deep elf master archer
 47624 | Elf:3    | Killed a deep elf blademaster
 47628 | Elf:3    | Killed a deep elf master archer
 47894 | Elf:3    | Noticed a deep elf blademaster
 47899 | Elf:3    | Noticed a deep elf master archer
 47899 | Elf:3    | Killed a deep elf blademaster
 47902 | Elf:3    | Noticed a deep elf master archer
 47908 | Elf:3    | Killed a deep elf master archer
 47914 | Elf:3    | Killed a deep elf master archer
 48133 | Elf:3    | Got an ancient brass ring
 48154 | Elf:3    | Identified the ring "Guqas" {rPois MR+ Dex+3 Stlth+} (You took it off a deep elf annihilator on level 3 of the Elven Halls)
 48248 | Elf:3    | Identified the +7 short sword "Pacoc" {freeze, +Blink rF+ Dex+3 SInv} (You found it on level 3 of the Elven Halls)
 48391 | Elf:3    | Identified the Guide on Clay and Moulding
 48718 | Swamp:1  | Entered Level 1 of the Swamp
 49069 | Swamp:1  | Noticed Donald
 49072 | Swamp:1  | Killed Donald
 49077 | Swamp:1  | Got a warped shield
 49078 | Swamp:1  | Identified the +0 shield of the Guardian {rF+} (You took it off Donald on level 1 of the Swamp)
 49910 | Swamp:2  | Reached XP level 19. HP: 121/121 MP: 39/39
 50157 | Swamp:3  | Noticed Louise
 50163 | Swamp:3  | Killed Louise
 50315 | Swamp:3  | Noticed Mara
 50319 | Swamp:3  | Noticed unrecovered's illusion
 50497 | Swamp:3  | Offered knowledge of Lehudib's Crystal Spear by Vehumet.
 50497 | Swamp:3  | Offered knowledge of Shatter by Vehumet.
 50497 | Swamp:3  | Offered knowledge of Tornado by Vehumet.
 50810 | Swamp:3  | Noticed unrecovered's illusion
 50813 | Swamp:3  | Noticed Jorgrun
 50822 | Swamp:3  | Killed Jorgrun
 50841 | Swamp:3  | Killed Mara
 51115 | Swamp:3  | Found a hazy altar of Hepliaklqana.
 51198 | Swamp:4  | Entered Level 4 of the Swamp
 52349 | Swamp:4  | Got a decaying rune of Zot
 52705 | Vaults:1 | Entered Level 1 of the Vaults
 53089 | D:13     | Reached skill level 15 in Fighting
 53195 | Vaults:1 | Reached skill level 6 in Air Magic
 53520 | Vaults:1 | Reached skill level 7 in Air Magic
 53717 | Vaults:1 | Identified a scroll of acquirement
 53749 | Vaults:1 | Reached skill level 10 in Ice Magic
 53952 | Vaults:1 | Reached XP level 20. HP: 120/129 MP: 40/40
 53953 | Vaults:1 | Reached skill level 8 in Air Magic
 54185 | Vaults:1 | Reached skill level 9 in Air Magic
 54721 | Vaults:2 | Noticed Aizul
 54727 | Vaults:2 | Killed Aizul
 54786 | Vaults:2 | Reached skill level 10 in Air Magic
 54944 | Vaults:2 | Found a portal to a secret trove of treasure.
 55402 | Vaults:2 | Reached skill level 11 in Air Magic
 55926 | Vaults:2 | Found a staircase to the Crypt.
 56322 | Vaults:3 | Found Vuluddeana's Book Shop.
 56535 | Vaults:3 | Reached skill level 12 in Air Magic
 57032 | Vaults:3 | Reached skill level 13 in Air Magic
 57272 | Vaults:3 | Reached XP level 21. HP: 134/134 MP: 42/42
 57509 | Vaults:3 | Reached skill level 14 in Air Magic
 57848 | Vaults:4 | Noticed Jory
 57870 | Vaults:4 | Killed Jory
 57988 | Vaults:4 | Found a flickering gateway to a bazaar.
 58004 | Bazaar   | Entered a bazaar
 58004 | Bazaar   | Found Qushuogo's Book Boutique.
 58004 | Bazaar   | Found Nolyv's Book Boutique.
 58029 | Bazaar   | Found Zotown's Food Shop.
 58037 | Bazaar   | Bought a ration for 45 gold pieces
 58037 | Bazaar   | Bought a ration for 45 gold pieces
 58037 | Bazaar   | Bought a ration for 45 gold pieces
 58037 | Bazaar   | Bought a ration for 45 gold pieces
 58037 | Bazaar   | Bought a ration for 45 gold pieces
 58037 | Bazaar   | Bought a ration for 45 gold pieces
 58037 | Bazaar   | Bought a ration for 45 gold pieces
 58037 | Bazaar   | Bought a ration for 45 gold pieces
 58078 | Bazaar   | Found Qepluos's Book Boutique.
 58086 | Bazaar   | Bought a book of Annihilations for 772 gold pieces
 58086 | Bazaar   | Bought a book of Summonings for 490 gold pieces
 58103 | Bazaar   | Bought the Grimoire of Displaced Moulding for 275 gold pieces
 58133 | Vaults:4 | Learned a level 1 spell: Apportation
 58143 | Vaults:4 | Learned a level 9 spell: Tornado
 58172 | Vaults:4 | Reached skill level 15 in Air Magic
 59388 | Vaults:5 | Entered Level 5 of the Vaults
 59388 | Vaults:5 | Noticed Salasann's ghost (veteran HuFi)
 59394 | Vaults:5 | Reached skill level 16 in Air Magic
 59913 | Depths:1 | Entered Level 1 of the Depths
 59943 | Depths:1 | Found a gateway to a ziggurat.
 59960 | Depths:1 | Reached XP level 22. HP: 140/140 MP: 26/45
 59980 | Depths:1 | Noticed Bai Suzhen
 59986 | Depths:1 | Killed Bai Suzhen
 60103 | Depths:1 | Reached skill level 17 in Air Magic
 60237 | Depths:1 | Identified the +6 chain mail of Lucidity {rElec rC++ Dex+4} (You found it on level 1 of the Depths)
 60508 | Depths:1 | Found a one-way gate leading to the halls of Pandemonium.
 60635 | Depths:1 | Found a gateway to Hell.
 60880 | Depths:2 | HP: 4/140 [something/blast of rock fragments (25)]
 61333 | Depths:2 | Reached skill level 18 in Air Magic
 62894 | Depths:2 | Noticed a golden dragon
 62944 | Depths:2 | Found a one-way gate to the infinite horrors of the Abyss.
 62958 | Depths:2 | Reached skill level 19 in Air Magic
 63913 | Depths:2 | Noticed a golden dragon
 63951 | Depths:2 | Reached XP level 23. HP: 96/144 MP: 42/47
 63960 | Depths:2 | Killed a golden dragon
 64129 | Vaults:2 | You paid a toll of +3 gold dragon scales to enter a treasure trove
 64130 | Trove    | Entered a treasure trove
 64228 | Trove    | Got a glittering lead amulet
 64232 | Trove    | Got a shimmering jade amulet
 64307 | Vaults:2 | Identified the amulet of the Neverending Seas {Harm *Drain MP+9} (You found it in a treasure trove)
 64308 | Vaults:2 | Identified the amulet of Reptosm {+Rage Str+6} (You found it in a treasure trove)
 64963 | Depths:2 | Noticed the Enchantress
 65304 | Depths:2 | Got a bound lead amulet
 65308 | Depths:2 | Noticed a juggernaut
 65314 | Depths:2 | Killed a juggernaut
 65414 | Depths:2 | Killed the Enchantress
 65428 | Depths:2 | Got faerie dragon scales
 65441 | Depths:2 | Noticed a juggernaut
 65441 | Depths:2 | Reached skill level 20 in Air Magic
 65467 | Depths:2 | Killed a juggernaut
 65481 | Depths:2 | Noticed a caustic shrike
 65496 | Depths:2 | Killed a caustic shrike
 65533 | Depths:2 | Identified the Incunabulum of Flight and Dark Magic
 65591 | Depths:2 | Learned a level 6 spell: Statue Form
 65601 | Depths:2 | Identified the +6 faerie dragon scales {rCorr Str+3 Clar} (You took it off the Enchantress on level 2 of the Depths)
 65601 | Depths:2 | Identified the amulet "Earthly Heaven" {rPois rC+ Regen+ Int-3 Dex+5} (You took it off a tengu reaver on level 2 of the Depths)
 65612 | Depths:2 | Learned a level 6 spell: Deflect Missiles
 65792 | Orc:1    | Found a roughly hewn altar of Beogh.
 65802 | Orc:1    | Reached skill level 1 in Armour
 65839 | Orc:1    | Found a transporter.
 66086 | Slime:1  | Entered Level 1 of the Pits of Slime
 66221 | Slime:4  | Reached skill level 5 in Armour
 66241 | Slime:4  | Reached skill level 21 in Air Magic
 66289 | Slime:5  | Entered Level 5 of the Pits of Slime
 66499 | Slime:5  | Noticed the Royal Jelly
 66500 | Slime:5  | Found a viscous altar of Jiyva.
 66532 | Slime:5  | Killed the Royal Jelly
 66786 | Slime:5  | Reached XP level 24. HP: 123/150 MP: 48/48
 66835 | Slime:5  | Got a slimy rune of Zot
 66854 | Slime:5  | Identified the +6 mace "Jyoharph" {drain, rElec rPois Stlth+} (You found it on level 5 of the Pits of Slime)
 66950 | Slime:5  | Identified the +8 lajatang "Kopum" {slice, Fragile rElec rC+} (You found it on level 5 of the Pits of Slime)
 67946 | Depths:3 | Reached skill level 22 in Air Magic
 68065 | Depths:3 | Reached skill level 10 in Armour
 68098 | Depths:3 | Reached skill level 1 in Charms
 69811 | Depths:4 | Noticed a caustic shrike
 69811 | Depths:4 | a shadow dragon changed into a caustic shrike
 69813 | Depths:4 | a caustic shrike changed into an iron dragon
 69831 | Depths:4 | Identified Qyic's Almanac of Earth and Black Rites
 69835 | Depths:4 | Identified the +0 buckler of the Enchanted Forest {rC+++ rCorr MP+9 Int-5} (You found it on level 4 of the Depths)
 69838 | Depths:4 | Identified the +5 glaive of Nykk {venom, Dex+5} (You found it on level 4 of the Depths)
 69905 | Depths:4 | Got a fine bone ring
 69907 | Depths:4 | Got a fine graven amulet
 69962 | Depths:4 | Identified the ring of Sysa {rElec Stlth-} (You found it on level 4 of the Depths)
 69963 | Depths:4 | Identified the amulet of Brilliance {Spirit rF+} (You found it on level 4 of the Depths)
 70180 | Depths:4 | Got a twitching garnet amulet
 70181 | Depths:4 | Identified the amulet "Dibbi" {*Contam +Inv +Fly rC+ Regen+} (You found it on level 4 of the Depths)
 70753 | Depths:5 | Entered Level 5 of the Depths
 70797 | Depths:5 | Reached XP level 25. HP: 148/156 MP: 48/48
 70814 | Depths:5 | Reached skill level 23 in Air Magic
 70814 | Depths:5 | Reached skill level 15 in Polearms
 70857 | Depths:5 | Reached skill level 5 in Charms
 71398 | Depths:5 | Found a gate to the Realm of Zot.
 72556 | Vaults:5 | Noticed Sojobo
 72565 | Vaults:5 | Noticed Saint Roka
 72571 | Vaults:5 | HP: 6/159 [Saint Roka/divine providence (10)]
 72937 | Vaults:5 | Noticed an ancient lich
 72937 | Vaults:5 | Reached skill level 24 in Air Magic
 72958 | Vaults:5 | Killed Sojobo
 72972 | Vaults:5 | Killed an ancient lich
 72974 | Vaults:5 | Reached XP level 26. HP: 77/166 MP: 34/48
 73592 | Vaults:5 | Identified the +7 quarterstaff "Grim" {crush, rF+ rN+ Stlth+} (You took it off a deep elf high priest on level 5 of the Vaults)
 73696 | Vaults:5 | Killed Saint Roka
 74105 | Vaults:5 | Killed Salasann's ghost
 74156 | Vaults:5 | Got a smoking steel amulet
 74157 | Vaults:5 | Identified the amulet "Moyrai" {Inacc rN++ SInv} (You found it on level 5 of the Vaults)
 74262 | Vaults:5 | Noticed Boris
 74280 | Vaults:5 | Killed Boris
 74322 | Vaults:5 | Got a pitted cloak
 74333 | Vaults:5 | Identified the cursed +0 cloak "Hocoeth" {MR- Regen+ Str+8 Slay+3} (You found it on level 5 of the Vaults)
 74397 | Vaults:5 | Reached skill level 25 in Air Magic
 74569 | Vaults:5 | Got a shimmering tin ring
 74572 | Vaults:5 | Identified the ring "Hyqiroih" {rCorr rF+ Stlth+} (You took it off a frost giant on level 5 of the Vaults)
 74631 | Vaults:5 | Found Fidug's Assorted Antiques.
 75134 | Vaults:5 | Got a silver rune of Zot
 75509 | Zot:1    | Entered Level 1 of the Realm of Zot
 76589 | Zot:2    | Reached XP level 27. HP: 166/175 MP: 48/48
 77305 | Zot:2    | Reached skill level 26 in Air Magic
 77721 | Zot:3    | Noticed an orb of fire
 77777 | Zot:3    | Noticed an orb of fire
 77794 | Zot:3    | Killed an orb of fire
 78986 | Zot:4    | Noticed an orb of fire
 78990 | Zot:4    | Gained mutation: Your body sometimes deteriorates upon taking damage. [an orb of fire]
 78991 | Zot:4    | Killed an orb of fire
 79845 | Zot:4    | Reached skill level 27 in Air Magic
 80495 | Zot:4    | Learned a level 8 spell: Lehudib's Crystal Spear
 80694 | Zig:1    | Entered Level 1 of a ziggurat
 80711 | Zig:2    | Entered Level 2 of a ziggurat
 80724 | Zig:3    | Entered Level 3 of a ziggurat
 80759 | Zig:4    | Entered Level 4 of a ziggurat
 80772 | Zig:4    | Reached skill level 1 in Earth Magic
 80788 | Zig:5    | Entered Level 5 of a ziggurat
 80790 | Zig:5    | Found the +0 pair of fencer's gloves {+Riposte Dex+3}
 80826 | Zig:5    | Identified the +9 long sword "Hydra's Doom" {slice, +Inv Str+6} (You found it on level 5 of a ziggurat)
 81064 | Zig:6    | Entered Level 6 of a ziggurat
 81085 | Zig:6    | Identified the Collected Works on Snow and Attacks
 81095 | Zig:7    | Entered Level 7 of a ziggurat
 81110 | Zig:7    | Reached skill level 5 in Earth Magic
 81287 | Zig:8    | Entered Level 8 of a ziggurat
 81321 | Zig:8    | Identified the Guide on Boosts and Darkness
 81506 | Zig:9    | Entered Level 9 of a ziggurat
 81525 | Zig:9    | Identified Easy Hermeneutics
 81538 | Zig:9    | Got a smoking steel ring
 81539 | Zig:9    | Identified Sif Muna's Reference Book on Scorching Battle Magic
 81556 | Zig:9    | Identified the ring "Kikkaal" {rCorr MP+9} (You found it on level 9 of a ziggurat)
 81565 | Zig:10   | Entered Level 10 of a ziggurat
 81743 | Zig:11   | Entered Level 11 of a ziggurat
 81752 | Zig:11   | Noticed a greater mummy
 81753 | Zig:11   | Noticed a greater mummy
 81764 | Zig:11   | Killed a greater mummy
 81774 | Zig:12   | Entered Level 12 of a ziggurat
 81793 | Zig:12   | Noticed Roghimoj the pandemonium lord
 81823 | Zig:12   | HP: 2/179 [infernal warmonger/demon trident of venom (15)]
 81823 | Zig:12   | Slain by an infernal warmonger

Skill      XL: |  1  2  3  4  5  6  7  8  9 10 11 12 13 14 15 16 17 18 19 20 21 22 23 24 25 26 27 |
---------------+----------------------------------------------------------------------------------+-----
Summonings     | 5 6 7 8 10 | 10.0
Dodging        | 3 4 5 6 7 8 10 11 16 18 | 18.7
Stealth        | 3 |  3.2
Spellcasting   | 3 4 5 7 9 11 12 13 14 15 16 18 19 20 21 | 21.8
Air Magic      | 1 2 4 5 7 13 16 19 21 22 24 25 27 | 27.0
Conjurations   | 14 15 16 | 16.0
Shields        | 2 3 4 |  4.0
Fighting       | 2 5 7 8 9 11 12 14 15 17 18 20 | 20.0
Polearms       | 5 8 11 13 14 16 18 20 | 20.0
Ice Magic      | 4 5 7 10 | 10.0
Armour         | 7 10 | 10.0
Charms         | 4 5 |  5.0
Earth Magic    | 7 |  7.2

Action                   |  1- 3 |  4- 6 |  7- 9 | 10-12 | 13-15 | 16-18 | 19-21 | 22-24 | 25-27 || total
-------------------------+-------+-------+-------+-------+-------+-------+-------+-------+-------++-------
Melee: Unarmed           |     4 |       |       |       |       |       |       |       |       ||     4
       Dagger            |    26 |       |       |       |       |       |       |       |       ||    26
       Kick              |    11 |    15 |    22 |    95 |   214 |   153 |   280 |   640 |   606 ||  2036
       Short sword       |    22 |    27 |       |       |       |       |       |       |       ||    49
       Peck              |     6 |     7 |    20 |    67 |   127 |    91 |   172 |   448 |   391 ||  1329
       Spear             |       |    31 |   111 |    98 |       |       |       |       |       ||   240
       Trident           |       |       |       |   307 |   726 |   434 |   823 |  1338 |   391 ||  4019
       Demon trident     |       |       |       |       |       |       |       |       |   816 ||   816
       Staff             |       |       |       |       |       |       |       |       |     2 ||     2
Throw: Throwing net      |       |       |       |       |     1 |       |       |       |       ||     1
 Cast: Summon Small Mamm |    25 |     5 |     2 |       |       |       |       |       |       ||    32
       Call Imp          |    16 |    39 |    38 |    49 |     7 |       |       |       |       ||   149
       Call Canine Famil |       |     9 |    20 |    32 |    22 |     2 |       |       |       ||    85
       Summon Lightning  |       |     1 |    22 |   125 |   106 |       |     3 |       |       ||   257
       Mephitic Cloud    |       |       |    10 |    13 |     8 |     1 |       |       |     1 ||    33
       Magic Dart        |       |       |     4 |    20 |     5 |       |       |       |       ||    29
       Summon Ice Beast  |       |       |       |   129 |   110 |    28 |       |       |       ||   267
       Blink             |       |       |       |    19 |    47 |     4 |     7 |     6 |    10 ||    93
       Shadow Creatures  |       |       |       |    12 |    85 |    12 |    20 |    25 |     8 ||   162
       Orb of Destructio |       |       |       |       |    78 |    83 |    72 |    77 |    64 ||   374
       Conjure Ball Ligh |       |       |       |       |    12 |       |       |       |       ||    12
       Freezing Cloud    |       |       |       |       |    18 |   176 |    67 |    21 |     1 ||   283
       Bolt of Cold      |       |       |       |       |       |    76 |   205 |   148 |    36 ||   465
       Tornado           |       |       |       |       |       |       |     1 |    22 |    67 ||    90
       Deflect Missiles  |       |       |       |       |       |       |       |     3 |     5 ||     8
       Apportation       |       |       |       |       |       |       |       |       |     6 ||     6
       Lehudib's Crystal |       |       |       |       |       |       |       |       |     5 ||     5
 Abil: Fly               |       |       |     3 |    30 |    11 |       |       |       |     1 ||    45
       Stop Flying       |       |       |       |       |       |       |       |       |     1 ||     1
Evoke: Wand              |       |       |       |     4 |    15 |       |       |       |       ||    19
  Use: Scroll            |     4 |     3 |     5 |    21 |    26 |    12 |     9 |    22 |    21 ||   123
       Potion            |       |       |     1 |     8 |     4 |     6 |     3 |     4 |    20 ||    46
 Stab: Sleeping          |     2 |     2 |     3 |     5 |    13 |     2 |     9 |     5 |     7 ||    48
       Distracted        |     1 |       |     5 |    15 |    30 |     2 |     3 |     4 |     7 ||    67
       Confused          |       |       |     3 |     1 |     7 |       |       |       |       ||    11
       Invisible         |       |       |       |       |       |       |       |       |     5 ||     5
  Eat: Chunk             |     3 |     5 |    10 |    30 |    77 |    51 |    52 |    22 |    48 ||   298
       Ration            |       |     2 |     3 |    15 |    10 |    17 |     7 |     9 |     8 ||    71
Armor: Robe              |    11 |    13 |     2 |    28 |    46 |    43 |    31 |    29 |       ||   203
       Leather armour    |       |       |     4 |     6 |    64 |    24 |       |       |       ||    98
       Acid dragon scale |       |       |       |       |       |       |       |    79 |   231 ||   310
Dodge: Dodged            |    56 |    40 |    61 |   284 |   981 |   679 |   559 |  1135 |  1232 ||  5027
       Deflected         |       |       |       |       |       |       |       |    19 |    53 ||    72
Block: Buckler           |       |       |    25 |    96 |   253 |   168 |   167 |   259 |   307 ||  1275
       Rpst.: Demon trident |       |       |       |       |       |       |       |       |     7 ||     7
